 Dungeon Crawl Stone Soup version 0.30-a0-1085-g990a428a5c (webtiles) character file.

Game seed: 6412802186622899295

48 Pimp the Trooper (level 3, -1/33 HPs)
             Began as a Hill Orc Fighter on Apr 16, 2023.
             Slain by an orc
             ... wielding a +0 falchion of distortion
              (4 damage)
             ... on level 3 of the Dungeon.
             The game lasted 00:01:51 (2175 turns).

Pimp the Trooper (Hill Orc Fighter)                 Turns: 2175, Time: 00:01:51

Health: -1/33      AC:  7    Str: 26    XL:     3   Next: 72%
Magic:  3/3        EV:  9    Int:  8    God:
Gold:   131        SH:  4    Dex: 10    Spells: 2/2 levels left

rFire   . . .      SeeInvis .    a - +0 war axe
rCold   . . .      Faith    .    c - +0 buckler
rNeg    . . .      Spirit   .    b - +0 scale mail
rPois   .          Reflect  .    (no helmet)
rElec   .          Rampage  .    (no cloak)
rCorr   .                        (no gloves)
Will    .....                    (no boots) Stlth
                                 e - amulet of regeneration
HPRegen 1.05/turn                m - ring of wizardry
MPRegen 0.08/turn                p - +6 ring of strength

@: no status effects
A: no striking features
a: no special abilities


You were on level 3 of the Dungeon.
You visited 1 branch of the dungeon, and saw 3 of its levels.

You collected 131 gold pieces.

Inventory:

Hand Weapons
 a - a +0 war axe (weapon)
Armour
 b - a +0 scale mail (worn)
 c - a +0 buckler (worn)
Jewellery
 e - an amulet of regeneration (around neck)
 m - a ring of wizardry (left hand)
 p - a +6 ring of strength (right hand)
Wands
 r - a wand of acid (7)
Scrolls
 f - a scroll of teleportation {unknown}
 g - a scroll of vulnerability {unknown}
 i - 2 scrolls of blinking {unknown}
 l - a scroll of brand weapon {unknown}
 n - 2 scrolls of identify {unknown}
 o - a scroll of silence {unknown}
Potions
 d - a potion of might
 h - 2 potions of attraction {unknown}
 j - a potion of ambrosia {unknown}
 k - 2 potions of haste {unknown}
 q - a potion of curing {unknown}
 s - a potion of degeneration {unknown}
 t - a potion of resistance {unknown}


   Skills:
 + Level 4.2 Fighting
 + Level 3.5 Axes
 + Level 3.8 Armour
 + Level 3.7 Shields


You had 2 spell levels left.
You didn't know any spells.
Your spell library contained the following spells:

 Spells                   Type           Power      Damage    Failure   Level
 Apportation              Tloc           0%         N/A       45%         1
 Necrotise                Necr           0%         1d4       45%         1
 Summon Small Mammal      Summ           0%         N/A       45%         1
 Stone Arrow              Conj/Erth      0%         3d7       80%         3
 Animate Armour           Summ/Erth      0%         N/A       99%         4
 Alistair's Intoxication  Tmut/Pois      0%         N/A       100%        5
 Lehudib's Crystal Spear  Conj/Erth      0%         10d2      100%        8


Dungeon Overview and Level Annotations

Branches:
Dungeon (3/15)

Altars:


Message History

A worm comes into view.
A worm is nearby!
A worm is nearby!
A worm is nearby!
You hit the worm.
The worm is moderately wounded.
You block the worm's attack.
You slash the worm!
The worm is severely wounded.
You barely miss the worm.
The worm is severely wounded.
The worm bites you but does no damage.
You slash the worm!
You kill the worm!
A hobgoblin comes into view.
A hobgoblin is nearby!
A hobgoblin is nearby!
A hobgoblin is nearby!
The hobgoblin completely misses you.
You slash the hobgoblin!
You kill the hobgoblin!
Found 5 stones.
Found a mace.
t - a dark potion An orc comes into view.
It is wielding a +0 falchion of distortion.
Found 3 poisoned darts.
The orc moves out of view.
You closely miss the orc.
The orc hits you with a +0 falchion of distortion.
Space warps horribly around you!
Ouch! That really hurt!
You hit the orc.
The orc is heavily wounded.
The orc hits you with a +0 falchion of distortion. x2
* * * LOW HITPOINT WARNING * * *
Space warps around you.
* * * LOW HITPOINT WARNING * * *
You barely miss the orc.
The orc is heavily wounded.
The orc hits you but does no damage. Space warps around you.
You die...

########.##.....#
(........###...##
##.#####.# ##.##
#...## #.# #.#
....###.####.#
#(...#.......#
#... ##.###..#
#.o# ### #..#
#.@# #..#
##.########..#
#..#........#
#....######.#
#...........#
#)###########
#..# #.## #.


You could see an orc.

Vanquished Creatures
  2 worms
  2 dart slugs
  5 bats
  5 endoplasms
  5 giant cockroaches
  A goblin (D:1)
  2 hobgoblins
  3 ball pythons
  2 frilled lizards
  5 kobolds
  2 rats
34 creatures vanquished.

Notes
Turn   | Place    | Note
-------+----------+-------------------------------------------
     0 | D:1      | Pimp the Hill Orc Fighter began the quest for the Orb.
     0 | D:1      | Reached XP level 1. HP: 19/19 MP: 1/1
   360 | D:1      | Reached XP level 2. HP: 27/27 MP: 2/2
   415 | D:1      | Found a faded altar of an unknown god.
  1132 | D:2      | Reached skill level 4 in Fighting
  1193 | D:2      | Reached XP level 3. HP: 32/33 MP: 3/3
  2175 | D:3      | Slain by an orc

Illustrated notes

Levels and vault maps discovered:
D:1:      elethiomel_arrival_quiet, layout_basic,
          chequers_ecumenical_altar_simple_redux, dreamdust_princess_bridge,
          grunt_decor_fettered
D:2:      layout_basic, roderic_serpentine_path
D:3:      layout_loops_ring, mainiacjoe_overflow_surrounded_room,
          amcnicky_mini_rare_corridor_liquid

Skill      XL: |  1  2 |
---------------+-------+-----
Axes           | 3 |  3.5
Fighting       | 4 |  4.2
Armour         | |  3.8
Shields        | |  3.7

Action                     || total
---------------------------++-------
  Melee: War axe           ||   107
 Armour: Scale mail        ||    71
  Dodge: Dodged            ||    64
  Block: Buckler           ||    29

Table legend: (Time is in decaauts)
 A = Elapsed time spent in this place.
 B = Non-inter-level travel time spent in this place.
 C = Inter-level travel time spent in this place.
 D = Time resting spent in this place.
 E = Time spent auto-exploring this place.
 F = Levels seen in this place.
 G = Mean time per level.
                   A        B        C        D        E       F      G
               +--------+--------+--------+--------+--------+-----+--------+
         Total |   2213 |   2096 |    117 |      6 |   1731 |   3 |  737.7 |
       Dungeon |   2213 |   2096 |    117 |      6 |   1731 |   3 |  737.7 |
               +--------+--------+--------+--------+--------+-----+--------+

Top non-repeatable levels by time:
     D:2: 1046 daAuts
     D:1: 991 daAuts
     D:3: 175 daAuts
